 Dungeon Crawl Stone Soup version 0.27-a0-550-ge92ec0ca06 (webtiles) character file.

Game seed: 11612944753614439425

1480 inc the Caller (level 8, 0/52 HPs)
             Began as a Mummy Summoner on Mar 7, 2021.
             Was an Initiate of Ashenzari.
             Slain by a killer bee (7 damage)
             ... on level 8 of the Dungeon.
             The game lasted 00:22:41 (11584 turns).

inc the Caller (Mummy Summoner)                    Turns: 11584, Time: 00:22:42

Health: 0/52       AC:  3    Str: 10    XL:     8   Next: 50%
Magic:  13/14      EV: 12    Int: 18    God:    Ashenzari [......]
Gold:   196        SH:  0    Dex: 12    Spells: 8/15 levels left

rFire    x . .     SeeInvis .   u - +3 flail
rCold    + + .     Faith    .   (no shield)
rNeg     + + +     Spirit   .   v - +0 robe of the Griffon {rC+ Str-2 Int+2}
rPois    ∞         Reflect  .   (no helmet)
rElec    .         Harm     .   (no cloak)
rCorr    .         Rampage  .   (no gloves)
Will     +....                  l - +0 pair of boots
Stlth    ++........             (no amulet)
HPRegen  0.17/turn              (no ring)
MPRegen  0.14/turn              (no ring)

@: studying Ice Magic
A: cold resistance 1, negative energy resistance 3, torment resistance 2,
unbreathing 1, heat vulnerability 1, no potions
a: Renounce Religion


You were on level 8 of the Dungeon.
You worshipped Ashenzari.
Ashenzari was noncommittal.
You visited 2 branches of the dungeon, and saw 9 of its levels.

You collected 378 gold pieces.
You spent 182 gold pieces at shops.

Inventory:

Hand Weapons
 c - a +0 dagger
 m - a +0 short sword
 u - a +3 flail (weapon)
Armour
 a - a +0 robe
 i - a +0 buckler
 l - a +0 pair of boots (worn)
 s - a +0 robe of fire resistance
 v - the +0 robe of the Griffon (worn) {rC+ Str-2 Int+2}
   (You bought it in a shop on level 7 of the Dungeon)

   It affects your strength (-2).
   It affects your intelligence (+2).
   It protects you from cold.
Jewellery
 n - a ring of resist corrosion
Wands
 b - a wand of polymorph (6)
 j - a wand of flame (20)
 k - a wand of paralysis (8)
 o - a wand of iceblast (29)
 p - a wand of mindburst (5)
 t - a wand of random effects (50)
Scrolls
 d - 2 scrolls of blinking
 e - 2 scrolls of magic mapping
 f - 3 scrolls of enchant weapon
 g - a scroll of teleportation
 h - 3 scrolls of fear
 q - a scroll of holy word
 r - 2 scrolls of immolation


   Skills:
 - Level 1.5 Dodging
 - Level 1.5 Stealth
 - Level 4.1 Spellcasting
 - Level 7.0 Summonings
 + Level 7.0 Necromancy


You had 8 spell levels left.
You knew the following spells:

 Your Spells              Type           Power      Damage    Failure   Level
a - Pain                  Necr           100%       1d9       1%          1
b - Call Imp              Summ           29%        N/A       1%          2
c - Call Canine Familiar  Summ           29%        N/A       2%          3
d - Summon Small Mammal   Summ           100%       N/A       1%          1

Your spell library contained the following spells:

 Spells                   Type           Power      Damage    Failure   Level
 Animate Skeleton         Necr           58%        N/A       1%          1
 Vampiric Draining        Necr           14%        2d8       2%          3
 Animate Dead             Necr           14%        N/A       9%          4
 Summon Guardian Golem    Hex/Summ       16%        N/A       11%         3
 Agony                    Necr           29%        N/A       22%         5
 Summon Ice Beast         Ice/Summ       16%        N/A       34%         4
 Summon Lightning Spire   Summ/Air       16%        N/A       34%         4


Dungeon Overview and Level Annotations

Branches:
Dungeon (8/15)             Temple (1/1) D:6
   Lair: D:8-11

Altars:
Ashenzari
Cheibriados
Dithmenos
Elyvilon
Fedhas
Gozag
Hepliaklqana
Kikubaaqudgha
Makhleb
Nemelex Xobeh
Okawaru
Qazlal
Ru
Sif Muna
Trog
Uskayaw
Vehumet
Wu Jian
Xom
Yredelemnul
Zin
The Shining One

Shops:
D:7 [


Innate Abilities, Weirdness & Mutations

You are immune to poison.
Your flesh is cold resistant. (rC+)
You are immune to negative energy. (rN+++)
You are immune to unholy pain and torment.
You can survive without breathing.
You are vulnerable to heat. (rF-)
You do not drink.


Message History

A worker ant and a kobold come into view.
There is a stone staircase leading up here.
Found a +0 trident.
You see here a +0 trident.
Found 15 gold pieces.
Found a stone staircase leading down.
You start resting.
A killer bee comes into view.
A killer bee is nearby!
A killer bee comes into view.
An orc wizard comes into view. It is wielding a +0 dagger.
The orc wizard shouts!
An orc and an orc priest come into view.
The orc shouts!
You hear an angry hiss.
An orc comes into view.
A killer bee comes into view.
The killer bee buzzes angrily.
You hear an angry buzzing noise. x3
The killer bee buzzes angrily.
The killer bee closely misses you.
The orc wizard gestures at you while chanting.
The puff of flame hits you! The fire burns you terribly!
The killer bee stings you!
* * * LOW HITPOINT WARNING * * *
You hear an angry buzzing noise.
You hear a shout! x2
You can't drink.
Unknown command.
A kobold comes into view.
The kobold shouts! x2; You hear a shout!
The killer bee closely misses you. The killer bee barely misses you.
The killer bee stings you.
* * * LOW HITPOINT WARNING * * *
A killer bee comes into view.
Unknown command.
The killer bee closely misses you.
A killer bee comes into view.
The killer bee stings you but does no damage.
The killer bee completely misses you.
There is a stone staircase leading up here.
The killer bee barely misses you. x3; The killer bee stings you!
You die...

#.......### #
..........#.#+##
..........#....#
.............>.#
..........#....#
#.......y.#..y.#
#....Byy.# ...
#..K.K@y.# #.#
#.#....##.# #.#
#.#... #.#+#.#
#... #.)...#
..#.. #.....#
...... #.....#
...###. #.oo..#
.. #..#.o...#
#.......#


You could see a worker ant, 4 killer bees and 2 kobolds.

Vanquished Creatures
  An ogre (D:7)
  A phantom (D:7)
  A howler monkey (D:4)
  A bullfrog zombie (D:5)
  A worker ant (D:6)
  3 gnolls (D:5)
  2 adders
  A white imp (D:6)
  A leopard gecko (D:2)
  2 orcs
  6 bats
  A giant cockroach (D:2)
  3 goblins
  5 hobgoblins
  A jackal (D:2)
  3 quokkas
  A ball python (D:2)
  4 frilled lizards
  3 kobolds
  5 rats
46 creatures vanquished.

Vanquished Creatures (collateral kills)
  Sigmund (D:6)
  Duvessa (D:6)
  A sky beast (D:5)
  7 ogres
  A phantom (D:6)
  Blork the orc (D:5)
  A bullfrog (D:5)
  Dowan (D:6)
  2 scorpions
  2 hounds
  7 orc priests
  2 bullfrog skeletons (D:6)
  Jessica (D:2)
  2 iguanas
  Natasha (D:2)
  2 orc wizards (D:4)
  7 worker ants
  9 gnolls
  9 adders
  A shadow imp (D:6)
  2 white imps (D:5)
  An ufetubus (D:6)
  An ooze (D:5)
  An adder skeleton (D:4)
  An adder zombie (D:6)
  4 worms
  2 dart slugs
  2 leopard geckos
  19 orcs
  2 ball pythons
  3 giant cockroaches
  6 goblins
  8 hobgoblins
  3 jackals (D:2)
  A quokka (D:4)
  3 bats
  3 frilled lizards
  6 kobolds
  A leopard gecko zombie (D:5)
  A rat (D:3)
129 creatures vanquished.

Grand Total: 175 creatures vanquished

Notes
Turn   | Place    | Note
-------+----------+-------------------------------------------
     0 | D:1      | inc the Mummy Summoner began the quest for the Orb.
     0 | D:1      | Reached XP level 1. HP: 13/13 MP: 4/4
   412 | D:1      | Reached XP level 2. HP: 19/19 MP: 6/6
   415 | D:1      | Learned a level 2 spell: Call Imp
  1980 | D:2      | Noticed Jessica
  1983 | D:2      | Killed Jessica
  1984 | D:2      | Reached XP level 3. HP: 23/24 MP: 2/8
  3027 | D:1      | Learned a level 3 spell: Call Canine Familiar
  3396 | D:2      | Reached XP level 4. HP: 29/30 MP: 7/10
  3621 | D:2      | Noticed Natasha
  3724 | D:2      | Killed Natasha
  4527 | D:3      | Reached XP level 5. HP: 32/35 MP: 4/11
  5109 | D:4      | Noticed an ogre
  5175 | D:4      | Reached skill level 5 in Summonings
  5252 | D:4      | Killed an ogre
  5429 | D:4      | Noticed an ogre
  5444 | D:4      | Killed an ogre
  5445 | D:4      | Reached XP level 6. HP: 41/41 MP: 4/12
  6960 | D:4      | Reached XP level 7. HP: 38/46 MP: 8/13
  7303 | D:5      | Entered Level 5 of the Dungeon
  7455 | D:5      | Learned a level 1 spell: Pain
  7550 | D:5      | Reached skill level 1 in Necromancy
  7836 | D:5      | Noticed Blork the orc
  8270 | D:5      | Killed Blork the orc
  9043 | D:5      | HP: 2/46 [bullfrog (8)]
  9046 | D:5      | Reached XP level 8. HP: 3/52 MP: 1/14
  9457 | D:6      | Reached skill level 5 in Necromancy
  9978 | D:6      | Noticed Duvessa
 10003 | D:6      | Killed Duvessa
 10074 | D:6      | Found a staircase to the Ecumenical Temple.
 10088 | Temple   | Entered the Ecumenical Temple
 10543 | D:6      | Noticed Sigmund
 10555 | D:6      | Killed Sigmund
 10871 | D:7      | Identified the +1 ring mail of the Forsaken Orbs {Rampage}
 10887 | D:7      | Found a sparkling altar of Nemelex Xobeh.
 11025 | D:7      | Found a broken altar of Ashenzari.
 11029 | D:7      | Became a worshipper of Ashenzari the Shackled
 11089 | D:6      | Noticed Dowan
 11112 | D:6      | Killed Dowan
 11414 | D:7      | Found Yloaz's Antique Armour Shop.
 11418 | D:7      | Bought a distressingly furry robe for 182 gold pieces
 11418 | D:7      | Identified the +0 robe of the Griffon {rC+ Str-2 Int+2}
                  | (You bought it in a shop on level 7 of the Dungeon)
 11584 | D:8      | Slain by a killer bee

Illustrated notes

Levels and vault maps discovered:
D:1:      sevenhm_arrival_forest_fort_large_2, layout_basic, minmay_tall_x
D:2:      mumra_celtic_spiral_tile, layout_basic, minmay_joined_circles,
          uniq_natasha, uniq_jessica
D:3:      layout_basic, minmay_misc_feat_rugged
D:4:      layout_loops_ring, elyvilon_altar_3
D:5:      layout_rooms, minmay_manual_macuahuitl, uniq_blork_the_orc
D:6:      layout_rooms, temple_green, uniq_duvessa, uniq_sigmund
D:7:      nzn_winding_woodlands_medium [nzn_winding_woodlands_5x5_checkerboard,
          nzn_winding_woodlands_5x15_garden,
          nzn_winding_woodlands_5x5_closed_star,
          nzn_winding_woodlands_5x5_open_star,
          nzn_winding_woodlands_center_diamonds,
          nzn_winding_woodlands_5x5_three, nzn_winding_woodlands_5x5_cross,
          nzn_winding_woodlands_5x15_concentric,
          nzn_winding_woodlands_5x5_perimeter], layout_loops_ring,
          nicolae_overflow_quartered_altars, serial_shops, shop, uniq_menkaure
D:8:      layout_basic, minmay_misc_feat_secret_circle, guppyfry_shop_venom
Temple:   dpeg_five_rooms_temple

Skill      XL: |  1  2  3  4  5  6  7  8 |
---------------+-------------------------+-----
Spellcasting   | 3 4 |  4.1
Summonings     | 4 5 6 7 |  7.0
Necromancy     | 4 7 |  7.0
Dodging        | |  1.5
Stealth        | |  1.5

Action                   |  1- 3 |  4- 6 |  7- 9 || total
-------------------------+-------+-------+-------++-------
Melee: Unarmed           |     9 |       |       ||     9
       Dagger            |    42 |       |       ||    42
       Short sword       |    35 |   120 |    69 ||   224
       Flail             |       |       |     2 ||     2
 Cast: Summon Small Mamm |    12 |     3 |     1 ||    16
       Call Imp          |    37 |    41 |    38 ||   116
       Call Canine Famil |       |    25 |    48 ||    73
       Pain              |       |       |    25 ||    25
 Stab: Sleeping          |     2 |     1 |     1 ||     4
Armor: Robe              |    19 |    32 |    31 ||    82
Dodge: Dodged            |    94 |   103 |   116 ||   313

Table legend: (Time is in decaauts)
 A = Elapsed time spent in this place.
 B = Non-inter-level travel time spent in this place.
 C = Inter-level travel time spent in this place.
 D = Time resting spent in this place.
 E = Time spent auto-exploring this place.
 F = Levels seen in this place.
 G = Mean time per level.
                   A        B        C        D        E       F      G
               +--------+--------+--------+--------+--------+-----+--------+
         Total |  11610 |  11210 |    400 |   1547 |   7281 |   9 | 1290.0 |
       Dungeon |  11317 |  10948 |    369 |   1547 |   7020 |   8 | 1414.6 |
        Temple |    292 |    261 |     31 |      0 |    261 |   1 |  292.0 |
               +--------+--------+--------+--------+--------+-----+--------+

Top non-repeatable levels by time:
     D:2: 2158 daAuts
     D:4: 2133 daAuts
     D:5: 1981 daAuts
     D:1: 1728 daAuts
     D:3: 1388 daAuts
     D:6: 1197 daAuts
     D:7: 665 daAuts
  Temple: 292 daAuts
     D:8: 63 daAuts
